 Dungeon Crawl Stone Soup version 0.28.0-45-g0d030f2227 (webtiles) character file.

Game seed: 1622963507608546012

2658 KamiKatze the Cleaver (level 9, -25/73 HPs)
             Began as a Palentonga Berserker on Apr 3, 2022.
             Was a Priest of Trog.
             Annihilated by a boulder beetle (36 damage)
             ... on level 7 of the Dungeon on Apr 4, 2022.
             The game lasted 00:20:45 (6474 turns).

KamiKatze the Cleaver (Palentonga Berserker)        Turns: 6474, Time: 00:20:45

Health: -25/73     AC: 13    Str: 26    XL:     9   Next: 36%
Magic:  18/18      EV:  9    Int:  7    God:    Trog [***...]
Gold:   106        SH:  0    Dex:  9    Spells: 8/8 levels left

rFire   . . .      SeeInvis +   a - +3 hand axe
rCold   . . .      Faith    .   r - +0 buckler
rNeg    . . .      Spirit   .   t - +0 ring mail
rPois   +          Reflect  +   (no helmet)
rElec   .          Harm     .   (no cloak)
rCorr   .          Rampage  .   (no gloves)
Will    .....                   (no barding)
Stlth   ..........              c - amulet of reflection
HPRegen 0.22/turn               n - ring of poison resistance
MPRegen 0.16/turn               F - ring of magical power

@: confused, ambrosia-drunk, curled up
A: large, rugged brown scales 3, see invisible, deformed body, roll 1, armoured
tail, reflexive curl
a: Rolling Charge, Renounce Religion, Berserk, Trog's Hand


You were on level 7 of the Dungeon.
You worshipped Trog.
Trog was most pleased with you.
You visited 2 branches of the dungeon, and saw 8 of its levels.

You collected 223 gold pieces.
You spent 117 gold pieces at shops.

Inventory:

Hand Weapons
 a - a +3 hand axe (weapon)
 b - a +2 dagger of venom
 w - a +0 morningstar
Missiles
 f - 200 stones (quivered)
 y - 17 poisoned darts
 A - 2 throwing nets
Armour
 g - a +0 plate armour
 p - a +0 chain mail
 r - a +0 buckler (worn)
 t - a +0 ring mail (worn)
Jewellery
 c - an amulet of reflection (around neck)
 n - a ring of poison resistance (left hand)
 F - a ring of magical power (right hand)
Scrolls
 e - 3 scrolls of identify
 h - a scroll of amnesia
 i - a scroll of silence {unknown}
 j - 2 scrolls of teleportation {unknown}
 k - a scroll of magic mapping {unknown}
 l - a scroll of acquirement {unknown}
 s - a scroll of blinking {unknown}
 u - 2 scrolls of enchant armour {unknown}
 B - a scroll of brand weapon {unknown}
 C - a scroll of summoning {unknown}
Potions
 d - a potion of might {unknown}
 o - a potion of cancellation
 v - a potion of haste {unknown}
 x - a potion of lignification {unknown}
 z - a potion of curing
 D - a potion of mutation {unknown}
 E - a potion of flight {unknown}


   Skills:
 + Level 5.8 Fighting
 * Level 8.9 Axes
 + Level 4.3 Armour
 + Level 4.4 Dodging
 + Level 3.4 Shields


You had 8 spell levels left.
You didn't know any spells.
Your spell library was empty.

Dungeon Overview and Level Annotations

Branches:
Dungeon (7/15)             Temple (1/1) D:4

Altars:
Ashenzari
Cheibriados
Dithmenos
Elyvilon
Fedhas
Gozag
Hepliaklqana
Kikubaaqudgha
Makhleb
Nemelex Xobeh
Okawaru
Qazlal
Ru
Sif Muna
Trog
Uskayaw
Vehumet
Wu Jian
Xom
Yredelemnul
Zin
The Shining One

Shops:
D:2 !   D:7 !


Innate Abilities, Weirdness & Mutations

You are completely covered in rugged brown scales. (AC +3, +7% HP)
You have supernaturally acute eyesight. (SInv)
Armour fits poorly on your strangely shaped body.
You can roll at nearby foes to attack.
You have a long armoured tail.
You curl defensively after being hit. (AC +7*)


Message History

You barely miss the hound.
The hound is almost dead.
The hound bites you but does no damage.
You hit the hound.
You kill the hound!
Trog accepts your kill.
No target in view!
Okay, then.
Found 23 arrows.
You see here 23 arrows.
HP restored.
Found 21 stones.
Found a stone staircase leading down.
You now have 106 gold pieces (gained 12).
A boulder beetle comes into view.
The boulder beetle curls into a ball and begins rolling!
The boulder beetle hits you!!!
Ouch! That really hurt!
* * * LOW HITPOINT WARNING * * *
The boulder beetle stops rolling and uncurls.
Okay, then.
You feel much better. The boulder beetle bites you!!
* * * LOW HITPOINT WARNING * * *
Unknown command.
You feel better.
The boulder beetle bites you but does no damage.
As you read the scroll labelled AFACZISUYD, it crumbles to dust.
It is a scroll of identify.
o - a potion of cancellation The boulder beetle bites you!
* * * LOW HITPOINT WARNING * * *
Unknown command.
The boulder beetle curls into a ball and begins rolling!
As you read the scroll labelled TOARIYNK AXIL, it crumbles to dust.
It is a scroll of amnesia.
You feel forgetful for a moment.
It was a potion of ambrosia.
You are confused.
You feel invigorated. The boulder beetle hits you!!!
You die...

###
#############.#
#.B@..........#
#°###########.#
#.#..# #.# #.°..#
#.# ###°## #.# #.#
#.# ..# #.#
###############.##
................#


You could see a boulder beetle (rolling).

Vanquished Creatures
  Pikel (D:4)
  Maggie (D:6)
  2 ogres
  An ice beast (D:7)
  3 sky beasts
  A black bear (D:6)
  3 lemures
  2 centaurs (D:6)
  2 phantoms
  3 scorpions
  A gnoll sergeant (D:7)
  3 howler monkeys (D:7)
  6 hounds
  A jelly (D:6)
  A bullfrog skeleton (D:5)
  3 centaur skeletons
  2 iguanas
  3 orc wizards
  5 gnolls (D:7)
  5 adders
  A shadow imp (D:7)
  3 dart slugs
  A worm (D:5)
  10 orcs
  6 endoplasms
  5 giant cockroaches
  10 goblins
  8 hobgoblins
  3 jackals (D:2)
  5 kobolds
  4 quokkas
  4 ball pythons
  5 bats
  2 frilled lizards (D:1)
  3 rats
119 creatures vanquished.

Notes
Turn   | Place    | Note
-------+----------+-------------------------------------------
     0 | D:1      | KamiKatze the Palentonga Berserker began the quest for the
                  | Orb.
     0 | D:1      | Reached XP level 1. HP: 19/19 MP: 1/1
   456 | D:1      | Reached XP level 2. HP: 25/25 MP: 2/2
   980 | D:2      | Reached XP level 3. HP: 18/31 MP: 3/3
  1081 | D:2      | Found Ifywoor's Distillery.
  1210 | D:2      | Found a sacrificial altar of Ru.
  1234 | D:2      | Reached ** piety under Trog
  1341 | D:2      | Found a faded altar of an unknown god.
  1779 | D:3      | Found a blossoming altar of Fedhas.
  1840 | D:3      | Reached XP level 4. HP: 26/37 MP: 4/4
  2474 | D:4      | Noticed Pikel
  2474 | D:4      | Noticed a lemure
  2474 | D:4      | Noticed a lemure
  2474 | D:4      | Noticed a lemure
  2474 | D:4      | Noticed a lemure
  2533 | D:3      | Killed a lemure
  2682 | D:3      | Killed a lemure
  2899 | D:4      | Noticed a sky beast
  2899 | D:4      | Noticed an ogre
  3080 | D:4      | Killed a lemure
  3220 | D:4      | Killed Pikel
  3221 | D:4      | Reached skill level 6 in Axes
  3221 | D:4      | Reached skill level 1 in Shields
  3221 | D:4      | Reached XP level 5. HP: 44/44 MP: 5/5
  3221 | D:4      | Reached XP level 6. HP: 51/51 MP: 6/6
  3221 | D:4      | Gained mutation: You curl defensively after being hit. (AC
                  | +7*) [Palentonga growth]
  3221 | D:4      | Reached XP level 7. HP: 57/57 MP: 7/7
  3572 | D:4      | Reached skill level 7 in Axes
  3732 | D:4      | Found a staircase to the Ecumenical Temple.
  3746 | Temple   | Entered the Ecumenical Temple
  4342 | D:5      | Entered Level 5 of the Dungeon
  4371 | D:5      | Reached XP level 8. HP: 49/65 MP: 8/8
  4447 | D:5      | Reached *** piety under Trog
  4941 | D:6      | Noticed Maggie
  5110 | D:6      | Killed Maggie
  5111 | D:6      | Reached skill level 5 in Fighting
  5111 | D:6      | Reached skill level 8 in Axes
  5600 | D:6      | Reached XP level 9. HP: 72/72 MP: 9/9
  6315 | D:7      | Found Plog's Distillery.
  6323 | D:7      | Bought a potion of degeneration for 13 gold pieces
  6328 | D:7      | Bought a potion of heal wounds for 65 gold pieces
  6328 | D:7      | Bought a potion of curing for 39 gold pieces
  6464 | D:7      | Noticed a boulder beetle
  6474 | D:7      | Annihilated by a boulder beetle

Illustrated notes

Levels and vault maps discovered:
D:1:      minmay_arrival_checkered_box, layout_basic, serial_bayou_pond_e,
          minivault_27
D:2:      layout_loops_ring, serial_shops, nicolae_shop_statue_plus,
          hellmonk_ecumenical_altar_blasted, basic_altar
D:3:      layout_loops_ring, mainiacjoe_overflow_small_starburst
D:4:      layout_rooms, minmay_temple_entry_antechambers,
          chequers_serial_rivers_micro_d, uniq_pikel
D:5:      layout_loops_ring
D:6:      layout_basic, fountainhead, uniq_maggie
D:7:      layout_basic, serial_shops, nicolae_shop_advertising_works
          [nicolae_subvault_shop_adworks], uniq_joseph, uniq_prince_ribbit1
Temple:   mainiacjoe_temple_starburst

Skill      XL: |  1  2  3  4  5  6  7  8 |
---------------+-------------------------+-----
Armour         | 2 3 4 |  4.3
Dodging        | 2 3 4 |  4.4
Axes           | 6 7 8 |  8.9
Fighting       | 4 5 |  5.8
Shields        | 1 3 |  3.4

Action                   |  1- 3 |  4- 6 |  7- 9 || total
-------------------------+-------+-------+-------++-------
Melee: Hand axe          |   114 |    96 |   248 ||   458
       Tailslap          |    16 |     8 |    37 ||    61
       Punch             |     1 |     1 |     1 ||     3
Throw: Stone             |       |       |     3 ||     3
Invok: Berserk           |     1 |     4 |     5 ||    10
       Trog's Hand       |       |       |     2 ||     2
  Use: Potion            |       |       |     3 ||     3
       Scroll            |       |       |     2 ||     2
 Stab: Sleeping          |     1 |       |       ||     1
Armor: Animal skin       |    38 |    17 |     9 ||    64
       Ring mail         |       |       |    51 ||    51
Dodge: Dodged            |    47 |    35 |    72 ||   154
Block: Other             |    22 |    21 |     9 ||    52
       Reflection        |     1 |       |     7 ||     8
       Buckler           |       |       |    86 ||    86
